 Dungeon Crawl Stone Soup version 0.31.0-12-g77e489cdc1 (webtiles) character file.

Game seed: 6008384108281311067

26347 Silvore the Severer (level 12, -10/111 HPs)
             Began as a Minotaur Fighter on Feb 22, 2024.
             Was the Champion of Okawaru.
             Mangled by a sixfirhy (12 damage)
             ... on level 3 of the Abyss.
             The game lasted 00:17:32 (10776 turns).

Silvore the Severer (Minotaur Fighter)             Turns: 10776, Time: 00:17:34

Health: -10/111    AC: 31    Str: 35    XL:     12   Next: 97%
Magic:  20/20      EV: 13    Int: 12    God:    Okawaru [******]
Gold:   1930       SH:  0    Dex: 11    Spells: 11/11 levels left

rFire   . . .        r - +10 lajatang of the Boiling Point {flame, ^Fragile rPois rN+++ MP+9}
rCold   . . .        (shield currently unavailable)
rNeg    + + +        D - +11 scale mail of Vengah {Will++ Regen+ Str+4}
rPois   +            (helmet restricted)
rElec   .            y - +2 cloak
rCorr   .            u - +1 pair of gloves
SInv    .            P - +4 pair of boots "Damnable Contraption" {Regen+ Int+7}
Will    ++...        h - amulet of regeneration Stlth
                     g - ring of flight
HPRegen 2.78/turn    I - +6 ring of strength
MPRegen 0.17/turn

%: no passive effects
@: mighty, flying
A: horns 2, retaliatory headbutt
a: Renounce Religion, Heroism, Finesse, Duel


You were on level 3 of the Abyss.
You worshipped Okawaru.
Okawaru was exalted by your worship.
You visited 2 branches of the dungeon, and saw 14 of its levels.
You visited the Abyss 1 time.
You also visited: Bailey.

You collected 1930 gold pieces.

Inventory:

Hand Weapons
 a - a +0 war axe
 c - a +3 executioner's axe of electrocution
 r - the +10 lajatang of the Boiling Point (weapon) {flame, ^Fragile rPois rN+++ MP+9}
   (Okawaru gifted it to you on level 13 of the Dungeon)

   rPois:     It protects you from poison rN+++: It renders you almost immune to
   negative energy.
   MP+9:      It affects your magic capacity (+9).
   ^Fragile:  It will be destroyed if unequipped.
 t - a +0 broad axe
 E - a +0 scimitar of flaming
 J - a +2 scimitar of flaming
Missiles
 G - a throwing net (quivered)
Armour
 b - a +0 scale mail
 d - a +0 chain mail
 u - a +1 pair of gloves (worn)
 y - a +2 cloak (worn)
 z - a +1 barding of flying
 B - a +2 plate armour of willpower
 D - the +11 scale mail of Vengah (worn) {Will++ Regen+ Str+4}
   (You found it in a bailey)

   Str+4:     It affects your strength (+4).
   Will++:    It greatly increases your willpower.
   Regen+:    It increases your rate of health regeneration.
 P - the +4 pair of boots "Damnable Contraption" (worn) {Regen+ Int+7}
   (Okawaru gifted it to you on level 13 of the Dungeon)

   Int+7:     It affects your intelligence (+7).
   Regen+:    It increases your rate of health regeneration.
Jewellery
 g - a ring of flight (left hand)
 h - an amulet of regeneration (around neck)
 q - a ring of resist corrosion
 I - a +6 ring of strength (right hand)
 N - a +6 ring of dexterity
 O - a ring of positive energy
Wands
 l - a wand of paralysis (64)
 n - a wand of acid (4)
 v - a wand of flame (13)
 H - a wand of iceblast (4)
 M - a wand of polymorph (4)
Scrolls
 e - a scroll of vulnerability
 j - 2 scrolls of blinking
 w - 2 scrolls of silence
 F - a scroll of fog
 L - a scroll of revelation
 Q - a scroll of identify
Potions
 f - a potion of cancellation
 i - a potion of lignification
 k - a potion of curing
 m - a potion of heal wounds
 o - 2 potions of brilliance
 p - 5 potions of attraction
 s - a potion of magic
 A - 4 potions of enlightenment
 C - 2 potions of mutation
 K - 3 potions of haste


   Skills:
 + Level 11.7 Fighting
 + Level 17.8 Axes
 + Level 5.5 Staves
 + Level 0.2 Throwing
 + Level 11.9 Armour
 + Level 6.8 Dodging
 + Level 1.5 Stealth
 + Level 6.2 Shields
 + Level 0.2 Invocations


You had 11 spell levels left.
You didn't know any spells.
Your spell library contained the following spells:

 Spells                   Type           Power      Damage    Failure   Level
 Blink                    Tloc           0%         N/A       63%         2
 Ensorcelled Hibernation  Hex/Ice        0%         N/A       63%         2
 Lesser Beckoning         Tloc           0%         N/A       63%         2
 Mercury Vapours          Alch/Air       0%         N/A       63%         2
 Momentum Strike          Conj/Tloc      0%         3d8       63%         2
 Static Discharge         Conj/Air       0%         3-3/arc   63%         2
 Fugue of the Fallen      Necr           0%         N/A       85%         3
 Gell's Gravitas          Tloc           0%         N/A       85%         3
 Hailstorm                Conj/Ice       0%         3d5       85%         3
 Ozocubu's Armour         Ice            0%         N/A       85%         3
 Teleport Other           Tloc           0%         N/A       85%         3
 Anguish                  Hex/Necr       0%         N/A       99%         4
 Flame Wave               Conj/Fire      0%         2d4       99%         4
 Manifold Assault         Tloc           0%         N/A       99%         4
 Fireball                 Conj/Fire      0%         3d3       100%        5


Dungeon Overview and Level Annotations

Branches:
Dungeon (13/15)            Temple (1/1) D:6            Lair (0/5) D:8
    Orc (0/2) D:12         Vaults (0/5) D:13         Bailey (visited)

Altars:
Ashenzari
Cheibriados
Dithmenos
Elyvilon
Fedhas
Gozag
Hepliaklqana
Kikubaaqudgha
Makhleb
Nemelex Xobeh
Okawaru
Qazlal
Ru
Sif Muna
Trog
Uskayaw
Vehumet
Wu Jian
Xom
Yredelemnul
Zin
The Shining One

Shops:
D:1 *   D:5 *   D:6 *

Annotations:
D:8 2 transporters, Silvore's ghost, novice MiFi
D:13 Rupert


Innate Abilities, Weirdness & Mutations

You have a pair of horns on your head.
You reflexively headbutt those who attack you in melee.


Message History

You open the orange demon like a pillowcase!!!
You burn the orange demon!
You kill the orange demon!
Okawaru accepts your kill. The liquid fire burns you!
* * * LOW HITPOINT WARNING * * *
The weeping skull's misery bubbles over.
The wave of grief passes through the weeping skull.
The weeping skull completely resists.
The wave of grief passes through you. You resist.
The weeping skull touches you but does no damage.
You slice the weeping skull!! You burn the weeping skull!
You destroy the weeping skull!
Okawaru accepts your kill. The liquid fire burns you!
* * * LOW HITPOINT WARNING * * *
A tentacled starspawn comes into view.
Unknown command.
You feel much better. The liquid fire burns you!
* * * LOW HITPOINT WARNING * * *
Blink to where?
Press: ? - help, Dir - move target A sixfirhy and a ynoxinul come into view.
Found a corrupted altar of Lugonu.
As you read the scroll of blinking, it crumbles to dust.
The liquid fire burns you!
* * * LOW HITPOINT WARNING * * *
The ynoxinul bellows!
You hear a chilling moan.
The ynoxinul gestures at you. The iron shot hits you!
* * * LOW HITPOINT WARNING * * *
You shake off the liquid fire.
The sixfirhy closely misses you. You furiously retaliate!
You headbutt the sixfirhy!!
A quasit comes into view.
The ynoxinul misses you. The sixfirhy hits you.
* * * LOW HITPOINT WARNING * * *
The sixfirhy shocks you!
You die...

# .###
☼#z# #..
.. #.#.#
. .. ..
#..# #.
.. #..#.
..# .#
####.#
..# .##_#
.#
#...#.#
#.#..#...
#@3...#
#.3#.###
...#...#
...#.
###..
.....#5
#.# ####
#. ..# ##
..


You could see a sixfirhy, a ynoxinul and a quasit.

Vanquished Creatures
  An entropy weaver (shapeshifter) (D:9)
  Harold (D:10)
  3 vault guards (D:13)
  2 two-headed ogres
  An ogre mage (D:13)
  A boulder beetle (D:12)
  3 centaur warriors
  A tengu warrior (D:13)
  Pikel (D:5)
  An arcanist (D:13)
  A deep elf pyromancer (D:12)
  2 orc knights (D:13)
  3 ugly things
  The ghost of cdecastro the Grappler, a novice DrSh of Trog (D:6)
  A worldbinder (Abyss:3)
  Joseph (D:7)
  An orange demon (Abyss:3)
  A smoke demon (Abyss:3)
  2 gargoyles (D:13)
  Maggie (D:10)
  2 efreet
  A komodo dragon (D:11)
  3 yaktaurs (D:13)
  An ancient zyme (Abyss:3)
  A hornet (D:10)
  3 raiju (Abyss:3)
  3 trolls
  A vampire (D:12)
  2 wyverns
  A shadow (D:11)
  A wraith (D:9)
  6 yaks (D:10)
  Eustachio (D:4)
  A basilisk (D:13)
  A human (D:13)
  10 vampire mosquitoes
  A steam dragon (D:6)
  A chaos spawn (Abyss:3)
  Menkaure (D:4)
  2 acid dragons
  2 water moccasins
  12 orc warriors
  A sky beast (D:7)
  An ice beast (D:5)
  2 black bears
  8 laughing skulls
  A centaur (D:9)
  2 wolves (D:8)
  The ghost of Asa the Changeling, an amateur DgSh (D:3)
  2 phantoms
  3 lemures (D:5)
  2 kobold brigands
  Blork the orc (D:4)
  A weeping skull (Abyss:3)
  A gnoll sergeant (D:8)
  7 bullfrogs
  5 scorpions
  5 killer bees
  A howler monkey (D:11)
  3 hounds
  2 jellies
  Crazy Yiuf (D:7)
  9 orc priests
  3 iguanas
  Terence (D:2)
  10 orc wizards
  A scorpion zombie (D:3)
  A sleepcap (D:7)
  A hound zombie (D:3)
  Robin (D:2)
  5 adders
  6 gnolls
  A shadow imp (Abyss:3)
  2 ufetubi (D:6)
  An adder skeleton (D:3)
  A dart slug (D:4)
  38 orcs
  9 ball pythons
  7 endoplasms
  6 giant cockroaches
  24 goblins
  8 hobgoblins
  7 jackals
  4 quokkas
  A ball python zombie (D:3)
  6 bats
  5 frilled lizards
  A jackal skeleton (D:3)
  A jackal zombie (D:3)
  25 kobolds
  A quokka zombie (D:3)
  6 rats
328 creatures vanquished.

Vanquished Creatures (others)
  Erica (D:10)
1 creature vanquished.

Grand Total: 329 creatures vanquished

Notes
Turn   | Place    | Note
-------+----------+-------------------------------------------
     0 | D:1      | Silvore the Minotaur Fighter began the quest for the Orb.
     0 | D:1      | Reached XP level 1. HP: 19/19 MP: 0/0
    90 | D:1      | Reached XP level 2. HP: 27/27 MP: 1/1
   101 | D:1      | Found Xeps's General Store.
   316 | D:1      | Got the Reference Book on Damage
   628 | D:1      | Reached XP level 3. HP: 33/33 MP: 2/2
   807 | D:2      | Noticed Terence
   816 | D:2      | Killed Terence
   817 | D:2      | Reached skill level 3 in Axes
   989 | D:2      | Noticed Robin
   997 | D:2      | Reached XP level 4. HP: 41/41 MP: 3/3
  1007 | D:2      | Killed Robin
  1012 | D:2      | HP: 2/41 [poisoned by Robin]
  1341 | D:2      | Identified a scroll of acquirement
  1341 | D:2      | Acquired 583 gold pieces
  1425 | D:3      | Noticed Asa's ghost (amateur DgSh)
  1459 | D:3      | Found a runed translucent gate.
  1459 | D:3      | Found a runed translucent gate.
  1460 | D:3      | Found a runed translucent gate.
  1502 | D:3      | Killed Asa's ghost
  1503 | D:3      | Reached skill level 4 in Axes
  1503 | D:3      | Reached skill level 1 in Dodging
  1503 | D:3      | Reached XP level 5. HP: 9/47 MP: 4/4
  1729 | D:3      | Reached skill level 5 in Fighting
  1825 | D:3      | Reached skill level 5 in Armour
  2087 | D:4      | Reached skill level 5 in Axes
  2087 | D:4      | Reached XP level 6. HP: 56/56 MP: 5/5
  2124 | D:4      | Noticed Blork the orc
  2131 | D:4      | Killed Blork the orc
  2261 | D:4      | Noticed Eustachio
  2263 | D:4      | Noticed Menkaure
  2274 | D:4      | Killed Menkaure
  2287 | D:4      | Killed Eustachio
  2288 | D:4      | Reached skill level 6 in Axes
  2288 | D:4      | Reached XP level 7. HP: 32/62 MP: 6/6
  2733 | D:4      | Found a bloodstained altar of Trog.
  2744 | D:4      | Found a white marble altar of Elyvilon.
  2788 | D:4      | Identified the +6 mace of Beogh's Castigation {flame,
                  | Str+3}
  2820 | D:4      | Reached skill level 7 in Axes
  3237 | D:5      | Entered Level 5 of the Dungeon
  3301 | D:5      | Reached XP level 8. HP: 33/70 MP: 7/7
  3455 | D:5      | Reached skill level 8 in Axes
  3458 | D:5      | Found a glowing silver altar of Zin.
  3627 | D:5      | Noticed Pikel
  3638 | D:5      | Killed Pikel
  3639 | D:5      | Reached skill level 9 in Axes
  3639 | D:5      | Reached skill level 5 in Shields
  3728 | D:5      | Identified the +6 flail of Raoker {heavy, ^Contam Int+3}
  3775 | D:5      | Found a hazy altar of Hepliaklqana.
  4144 | D:5      | Found Xiavaess's General Store.
  4274 | D:6      | Found a shimmering altar of Xom.
  4301 | D:6      | Found a staircase to the Ecumenical Temple.
  4313 | D:6      | Reached XP level 9. HP: 78/78 MP: 8/8
  4318 | Temple   | Entered the Ecumenical Temple
  4325 | Temple   | Became a worshipper of Warmaster Okawaru
  4352 | D:6      | Found a basalt altar of Yredelemnul.
  4370 | D:6      | Found Ricluiso's Mail-Order Catalogue.
  4435 | D:6      | Reached skill level 10 in Axes
  4537 | D:6      | Found a runed translucent door.
  4537 | D:6      | Noticed cdecastro's ghost (novice DrSh)
  4619 | D:6      | Killed cdecastro's ghost
  4619 | D:6      | Reached * piety under Okawaru
  5105 | D:7      | Reached ** piety under Okawaru
  5148 | D:7      | Got Simple Spellwork
  5214 | D:7      | Reached skill level 11 in Axes
  5324 | D:7      | Found a glowing golden altar of the Shining One.
  5389 | D:7      | Noticed Joseph
  5397 | D:7      | Paralysed by Joseph for 4 turns
  5411 | D:7      | Killed Joseph
  5495 | D:7      | Found a runed translucent door.
  5496 | D:7      | Noticed Crazy Yiuf
  5726 | D:7      | Killed Crazy Yiuf
  5727 | D:7      | Reached XP level 10. HP: 90/90 MP: 9/9
  5734 | D:7      | Acquired a +2 executioner's axe of electrocution
  5913 | D:8      | Reached skill level 1 in Stealth
  5913 | D:8      | Found a staircase to the Lair.
  5916 | D:8      | Reached *** piety under Okawaru
  5944 | D:8      | Found a transporter.
  5947 | D:8      | Found a transporter.
  5950 | D:8      | Noticed Silvore's ghost (novice MiFi)
  5957 | D:8      | Identified the +4 great mace "Grim" {drain, Fly Int+2}
  5957 | D:8      | Noticed a two-headed ogre
  6253 | D:8      | Reached skill level 12 in Axes
  6708 | D:9      | Found a flagged portal.
  6718 | Bailey   | Entered a bailey
  6988 | Bailey   | Identified the +11 scale mail of Vengah {Will++ Regen+
                  | Str+4}
  7206 | D:9      | Reached **** piety under Okawaru
  7280 | D:9      | Reached skill level 13 in Axes
  7391 | D:9      | Found a bloodstained altar of Trog.
  7395 | D:9      | a polar bear changed into an entropy weaver
  7395 | D:9      | Noticed an entropy weaver (shapeshifter)
  7401 | D:9      | Killed an entropy weaver
  7402 | D:9      | Reached skill level 10 in Armour
  7662 | D:9      | Found a shimmering altar of Xom.
  7836 | D:10     | Entered Level 10 of the Dungeon
  7836 | D:10     | Noticed Harold
  7850 | D:10     | Killed Harold
  7850 | D:10     | Reached ***** piety under Okawaru
  7899 | D:10     | Reached XP level 11. HP: 97/97 MP: 10/10
  7920 | D:10     | Reached skill level 14 in Axes
  8082 | D:10     | Noticed Erica
  8098 | D:10     | Killed Erica
  8112 | D:10     | Noticed Maggie
  8116 | D:10     | Killed Maggie
  8726 | D:11     | Identified the serpent talisman of the Wilderness {rElec
                  | Will+}
  8737 | D:11     | Noticed a centaur warrior
  8743 | D:11     | Killed a centaur warrior
  8743 | D:11     | Received a gift from Okawaru
  8744 | D:11     | Reached skill level 15 in Axes
  8858 | D:11     | Reached skill level 10 in Fighting
  9213 | D:12     | Noticed a deep elf pyromancer
  9222 | D:12     | Killed a deep elf pyromancer
  9223 | D:12     | Reached skill level 5 in Dodging
  9330 | D:12     | Found a staircase to the Orcish Mines.
  9358 | D:12     | Noticed a green ugly thing
  9363 | D:12     | Killed a green ugly thing
  9395 | D:12     | Noticed a two-headed ogre
  9402 | D:12     | Killed a two-headed ogre
  9447 | D:12     | Reached skill level 16 in Axes
  9548 | D:12     | Noticed a boulder beetle
  9555 | D:12     | Killed a boulder beetle
  9628 | D:12     | Found an iron altar of Okawaru.
  9770 | D:13     | Noticed a cyan ugly thing
  9772 | D:13     | Noticed a vault guard
  9772 | D:13     | Noticed an ogre mage
  9772 | D:13     | Noticed an arcanist
  9775 | D:13     | Noticed an orc knight
  9784 | D:13     | Noticed a two-headed ogre
  9801 | D:13     | Killed a two-headed ogre
  9801 | D:13     | Received a gift from Okawaru
  9802 | D:13     | Reached XP level 12. HP: 107/108 MP: 11/11
  9899 | D:13     | Noticed a vault guard
  9900 | D:13     | Noticed a vault guard
  9918 | D:13     | Killed a vault guard
  9919 | D:13     | Reached skill level 17 in Axes
  9919 | D:13     | Killed a vault guard
  9919 | D:13     | Reached ****** piety under Okawaru
  9919 | D:13     | Received a gift from Okawaru
  9926 | D:13     | Killed a vault guard
  9974 | D:13     | Acquired the +10 lajatang of the Boiling Point {flame,
                  | ^Fragile rPois rN+++ MP+9}
  9974 | D:13     | Received a gift from Okawaru
  9976 | D:13     | Acquired the +4 pair of boots "Damnable Contraption"
                  | {Regen+ Int+7}
  9976 | D:13     | Received a gift from Okawaru
 10003 | D:13     | Killed an ogre mage
 10016 | D:13     | Found a gate to the Vaults.
 10046 | D:13     | Noticed a centaur warrior
 10053 | D:13     | Killed a centaur warrior
 10054 | D:13     | Reached skill level 1 in Staves
 10109 | D:13     | Noticed a centaur warrior
 10115 | D:13     | Killed a centaur warrior
 10330 | D:13     | Noticed a tengu warrior
 10338 | D:13     | Killed a tengu warrior
 10338 | D:13     | Received a gift from Okawaru
 10629 | D:13     | Identified the maw talisman of Duveut {Str+6}
 10629 | D:13     | Noticed Rupert
 10636 | Abyss:3  | Cast into level 3 of the Abyss (Rupert)
 10685 | Abyss:3  | Reached skill level 5 in Staves
 10716 | Abyss:3  | Found a corrupted altar of Lugonu.
 10765 | Abyss:3  | HP: 3/111 [burnt (10)]
 10773 | Abyss:3  | HP: 2/111 [burnt (16)]
 10773 | Abyss:3  | Noticed a tentacled starspawn
 10775 | Abyss:3  | Found a corrupted altar of Lugonu.
 10776 | Abyss:3  | Mangled by a sixfirhy

Illustrated notes

Levels and vault maps discovered:
D:1:      dpeg_arrival_houses_and_road, layout_basic, serial_shops, shop
D:2:      layout_rooms, dreamdust_wishing_well, serial_park_tiny_1,
          uniq_terence, uniq_robin
D:3:      layout_rooms, gammafunk_ghost_split, serial_undead, serial_undead_b,
          serial_undead_b, serial_undead_a, serial_undead_c, serial_undead_d,
          serial_undead_e, hangedman_decor_clover_reticule
D:4:      layout_cave_pods, amethyst_overflow_temple_binary, minmay_circle_x,
          uniq_blork_the_orc, uniq_eustachio, uniq_menkaure
D:5:      layout_basic, nzn_hepliaklqana_mist_gate, zin_scriptorium,
          serial_shops, nicolae_shop_temple_entry_statues_fountains, uniq_pikel
D:6:      layout_gridville, mainiacjoe_overflow_boulevard,
          yredelemnul_altar_generic, minmay_temple_entry_trees,
          hellmonk_ghost_happy_afterlife, serial_bayou_pond_d,
          monkooky_shop_mail_order
D:7:      layout_rooms, mainiacjoe_overflow_alcove_2,
          hangedman_decor_diamond_cutter, uniq_joseph, uniq_crazy_yiuf_cottage
D:8:      layout_loops_ring, erik_lair_orcish_takeover, gammafunk_ghost_smash,
          roderic_roman_lattice
D:9:      layout_loops_corners, enter_bailey_3, hangedman_feature_mirror
D:10:     layout_loops_ring, minmay_misc_feat_tiny, uniq_maggie, uniq_harold,
          uniq_erica
D:11:     layout_roguey
D:12:     layout_gridville, orc_0_dummy, drop_trap, okawaru_altar_gauntlet_db
D:13:     layout_basic, grunt_vaults_entry_fortified, serial_glass,
          glass_columns_b, glass_columns_b, due_unseen_surprise,
          minmay_strange_pillars, minmay_strange_pillars, item_on_display_a,
          uniq_rupert
Temple:   nicolae_temple_no_exploring_needed
Abyss:3:  base: D:1, evilmike_abyss_exit_kraken

Skill      XL: |  1  2  3  4  5  6  7  8  9 10 11 12 |
---------------+-------------------------------------+-----
Fighting       | 4 5 6 8 9 10 11 | 11.7
Shields        | 4 5 6 |  6.2
Armour         | 4 5 6 7 9 10 11 | 11.9
Axes           | 3 4 5 6 7 9 11 13 16 17 | 17.8
Dodging        | 1 2 3 4 5 6 |  6.8
Stealth        | 1 |  1.5
Staves         | 5 |  5.5
Throwing       | |  0.2
Invocations    | |  0.2

Action                     |  1- 3 |  4- 6 |  7- 9 | 10-12 || total
---------------------------+-------+-------+-------+-------++-------
  Melee: War axe           |    76 |   107 |   180 |       ||   363
         Headbutt          |     9 |    13 |    47 |    68 ||   137
         Broad axe         |       |       |    35 |       ||    35
         Executioner's axe |       |       |       |   307 ||   307
         Lajatang          |       |       |       |   104 ||   104
  Throw: Throwing net      |       |       |       |     1 ||     1
 Invoke: Heroism           |       |       |       |     2 ||     2
         Receive Weapon    |       |       |       |     1 ||     1
         Receive Armour    |       |       |       |     1 ||     1
    Use: Scroll            |     4 |     5 |     5 |    13 ||    27
         Potion            |     1 |     5 |       |     8 ||    14
 Armour: Scale mail        |    55 |    84 |   114 |   487 ||   740
         Chain mail        |       |       |    99 |    88 ||   187
         Plate armour      |       |       |       |     1 ||     1
  Dodge: Dodged            |    38 |    62 |   130 |   367 ||   597
  Block: Buckler           |    23 |    26 |    66 |       ||   115
